[ AOE2 MATCH · #504875194 ]
UnrankedCelts vs Armenians
Player's team · WIN
Rival team · LOSS
[ REPLAY ANALYSIS · EXTRACTED FROM THE RECORDED GAME ]
Feudal
11:08
Castle
21:49
Imperial
—
| APM avg | 58.1 |
| APM peak | 133 |
| eAPM avg | 17.4 |
| Villagers / military | 52 / 36 |
Focus
⚔️ 42.7% · 🌾 57.3%
Archer ×22 · Skirmisher ×6 · Militia ×3 · Spearman ×3 · Mangonel ×2
Feudal
11:25
Castle
16:17
Imperial
—
| APM avg | 58.7 |
| APM peak | 86 |
| eAPM avg | 36.3 |
| Villagers / military | 45 / 20 |
Focus
⚔️ 29.6% · 🌾 70.4%
Warrior Priest ×16 · Monk ×3 · Scorpion ×1 · Trade Cart ×1
Match map
Initial resources + every placement click. Lines = walls · curves = elevation contours. ◆ gold · ⬟ stone · ● berries · ✦ relic · ◌ wall gap
Your base· Open — unwalled flank
L's base· Open — unwalled flank
Smoothed initial terrain · ◌ = detected wall gap · hover for details
Inputs per minute
— Fs.Jubileu - - L
Build order — Fs.Jubileu
First 150 of 163 actions detected
| 0:00 | Create | Villager (Male) |
| 0:00 | Create | Villager (Male) |
| 0:00 | Create | Villager (Male) |
| 0:00 | Create | Villager (Male) |
| 0:01 | Create | Villager (Male) |
| 0:01 | Create | Villager (Male) |
| 0:02 | Build | House |
| 0:03 | Build | House |
| 1:31 | Create | Villager (Male) |
| 1:31 | Create | Villager (Male) |
| 2:05 | Create | Villager (Male) |
| 2:31 | Create | Villager (Male) |
| 2:38 | Build | Barracks |
| 2:50 | Create | Villager (Male) |
| 3:02 | Build | House |
| 3:09 | Create | Villager (Male) |
| 3:37 | Create | Villager (Male) |
| 3:43 | Create | Militia |
| 3:46 | Build | House |
| 4:02 | Create | Militia |
| 4:11 | Build | House |
| 4:15 | Create | Villager (Male) |
| 4:32 | Create | Militia |
| 4:35 | Create | Villager (Male) |
| 5:09 | Create | Villager (Male) |
| 5:10 | Create | Villager (Male) |
| 5:51 | Create | Villager (Male) |
| 5:52 | Create | Villager (Male) |
| 5:53 | Create | Villager (Male) |
| 5:53 | Create | Villager (Male) |
| 6:40 | Build | Lumber Camp |
| 6:43 | Create | Villager (Male) |
| 7:19 | Create | Villager (Male) |
| 8:08 | Research | Loom |
| 8:12 | Create | Villager (Male) |
| 8:41 | Create | Villager (Male) |
| 8:44 | Research | Feudal Age |
| 8:48 | Build | Mill |
| 11:05 | Create | Villager (Male) |
| 11:08 | Age | Feudal Age |
| 11:08 | Build | House |
| 11:23 | Build | Watch Tower |
| 11:26 | Build | Archery Range |
| 11:30 | Create | Villager (Male) |
| 11:42 | Research | Double-Bit Axe |
| 11:50 | Build | Farm |
| 11:50 | Create | Spearman |
| 12:00 | Create | Villager (Male) |
| 12:02 | Build | Farm |
| 12:09 | Build | House |
| 12:14 | Build | Palisade Wall |
| 12:14 | Build | Palisade Wall |
| 12:15 | Build | Palisade Wall |
| 12:20 | Create | Villager (Male) |
| 12:22 | Build | Farm |
| 12:26 | Build | Mining Camp |
| 12:28 | Create | Skirmisher |
| 12:28 | Create | Skirmisher |
| 12:38 | Create | Villager (Male) |
| 12:44 | Build | House |
| 12:51 | Create | Villager (Male) |
| 12:58 | Build | Palisade Wall |
| 13:00 | Create | Skirmisher |
| 13:11 | Create | Villager (Male) |
| 13:20 | Create | Skirmisher |
| 13:27 | Create | Villager (Male) |
| 13:30 | Build | Farm |
| 13:39 | Create | Skirmisher |
| 13:49 | Create | Villager (Male) |
| 13:54 | Build | Farm |
| 13:56 | Build | Farm |
| 14:02 | Create | Spearman |
| 14:04 | Create | Skirmisher |
| 14:25 | Create | Archer |
| 14:48 | Create | Villager (Male) |
| 14:49 | Build | Blacksmith |
| 14:54 | Create | Archer |
| 15:19 | Create | Villager (Male) |
| 15:25 | Build | Farm |
| 15:27 | Build | Farm |
| 15:29 | Build | Farm |
| 15:50 | Create | Villager (Male) |
| 15:52 | Create | Archer |
| 15:56 | Build | Farm |
| 16:01 | Research | Fletching |
| 16:02 | Create | Archer |
| 16:03 | Create | Archer |
| 16:15 | Build | Farm |
| 16:15 | Build | Farm |
| 16:16 | Build | Farm |
| 16:16 | Build | Farm |
| 16:16 | Build | Farm |
| 16:16 | Build | Farm |
| 16:18 | Create | Villager (Male) |
| 16:19 | Build | House |
| 16:31 | Create | Archer |
| 16:37 | Build | Farm |
| 16:50 | Create | Villager (Male) |
| 16:54 | Build | Farm |
| 17:20 | Build | Farm |
| 17:22 | Build | Farm |
| 17:23 | Create | Villager (Male) |
| 17:28 | Create | Archer |
| 17:44 | Create | Spearman |
| 17:46 | Research | Town Watch |
| 18:43 | Build | Mining Camp |
| 19:02 | Build | Mining Camp |
| 19:09 | Research | Castle Age |
| 19:09 | Research | Castle Age |
| 19:21 | Research | Horse Collar |
| 19:21 | Research | Horse Collar |
| 19:22 | Research | Gold Mining |
| 19:22 | Research | Gold Mining |
| 19:45 | Create | Archer |
| 19:59 | Build | House |
| 20:15 | Create | Archer |
| 20:24 | Research | Padded Archer Armor |
| 20:25 | Research | Padded Archer Armor |
| 20:39 | Build | House |
| 20:43 | Build | Stone Wall |
| 20:44 | Build | Stone Wall |
| 20:46 | Build | House |
| 20:48 | Build | House |
| 20:52 | Create | Archer |
| 21:26 | Create | Archer |
| 21:26 | Create | Archer |
| 21:38 | Build | Farm |
| 21:41 | Create | Archer |
| 21:41 | Create | Archer |
| 21:46 | Build | Stone Wall |
| 21:49 | Build | Stone Wall |
| 21:49 | Age | Castle Age |
| 21:50 | Build | Stone Wall |
| 21:54 | Research | Bodkin Arrow |
| 21:55 | Research | Bodkin Arrow |
| 21:58 | Research | Crossbowman (upgrade) |
| 22:04 | Create | Villager (Male) |
| 22:05 | Create | Villager (Male) |
| 22:10 | Build | Archery Range |
| 22:27 | Research | Bow Saw |
| 22:27 | Research | Bow Saw |
| 22:28 | Create | Villager (Male) |
| 22:30 | Build | Lumber Camp |
| 22:31 | Create | Villager (Male) |
| 22:42 | Create | Archer |
| 22:58 | Create | Villager (Male) |
| 23:16 | Build | Siege Workshop |
| 23:22 | Create | Archer |
| 23:23 | Create | Villager (Male) |
| 23:55 | Create | Villager (Male) |
Build order — L
141 actions detected in the replay
| 0:00 | Create | Villager (Male) |
| 0:00 | Create | Villager (Male) |
| 0:01 | Build | House |
| 0:05 | Build | House |
| 0:10 | Create | Villager (Male) |
| 0:14 | Create | Villager (Male) |
| 1:13 | Build | House |
| 1:27 | Create | Villager (Male) |
| 2:07 | Create | Villager (Male) |
| 2:19 | Create | Villager (Male) |
| 2:32 | Create | Villager (Male) |
| 2:52 | Build | Mule Cart |
| 3:17 | Create | Villager (Male) |
| 3:19 | Create | Villager (Male) |
| 3:47 | Create | Villager (Male) |
| 4:07 | Build | House |
| 4:34 | Create | Villager (Male) |
| 4:55 | Research | Loom |
| 5:11 | Build | House |
| 5:12 | Build | Palisade Wall |
| 5:16 | Build | House |
| 5:17 | Build | Palisade Wall |
| 5:18 | Create | Villager (Male) |
| 5:22 | Build | Mill |
| 5:23 | Create | Villager (Male) |
| 5:23 | Create | Villager (Male) |
| 5:26 | Create | Villager (Male) |
| 5:34 | Create | Villager (Male) |
| 6:00 | Build | Palisade Wall |
| 6:05 | Build | Palisade Wall |
| 6:06 | Build | Palisade Wall |
| 6:11 | Create | Villager (Male) |
| 6:35 | Build | Palisade Wall |
| 6:46 | Build | Palisade Wall |
| 6:48 | Build | Palisade Wall |
| 6:50 | Create | Villager (Male) |
| 7:09 | Create | Villager (Male) |
| 8:34 | Create | Villager (Male) |
| 8:38 | Build | Palisade Wall |
| 8:40 | Build | Palisade Wall |
| 9:15 | Research | Feudal Age |
| 9:15 | Research | Feudal Age |
| 9:58 | Build | Palisade Gate |
| 10:08 | Build | Palisade Gate |
| 10:17 | Build | Palisade Gate |
| 10:24 | Build | Palisade Gate |
| 10:39 | Build | Palisade Gate |
| 11:01 | Build | Mule Cart |
| 11:06 | Build | Palisade Gate |
| 11:09 | Build | Palisade Gate |
| 11:14 | Build | Palisade Gate |
| 11:24 | Build | Palisade Gate |
| 11:25 | Age | Feudal Age |
| 11:26 | Build | Palisade Gate |
| 11:41 | Create | Villager (Male) |
| 11:41 | Create | Villager (Male) |
| 11:54 | Build | Market |
| 11:59 | Build | House |
| 12:11 | Build | Blacksmith |
| 12:51 | Build | House |
| 13:21 | Build | House |
| 13:23 | Build | House |
| 13:23 | Build | House |
| 13:37 | Research | Castle Age |
| 13:59 | Build | House |
| 13:59 | Build | House |
| 14:44 | Research | Double-Bit Axe |
| 14:55 | Research | Double-Bit Axe |
| 14:57 | Research | Gold Mining |
| 15:29 | Build | Palisade Wall |
| 15:30 | Build | Palisade Wall |
| 15:41 | Build | Palisade Wall |
| 15:42 | Build | Palisade Wall |
| 15:51 | Create | Villager (Male) |
| 16:07 | Create | Trade Cart |
| 16:17 | Age | Castle Age |
| 16:31 | Build | Monastery |
| 16:32 | Create | Villager (Male) |
| 16:47 | Build | Farm |
| 16:49 | Build | Farm |
| 16:52 | Create | Warrior Priest |
| 16:54 | Research | Scale Mail Armor |
| 17:02 | Create | Warrior Priest |
| 17:07 | Build | Farm |
| 17:08 | Create | Villager (Male) |
| 17:12 | Create | Warrior Priest |
| 17:12 | Create | Warrior Priest |
| 17:38 | Create | Villager (Male) |
| 17:52 | Create | Villager (Male) |
| 17:54 | Build | Farm |
| 18:03 | Create | Villager (Male) |
| 18:19 | Build | Mule Cart |
| 18:38 | Build | Farm |
| 18:42 | Build | Palisade Wall |
| 19:23 | Build | House |
| 19:24 | Build | House |
| 19:49 | Build | Monastery |
| 19:56 | Build | Farm |
| 19:57 | Build | Farm |
| 19:57 | Create | Villager (Male) |
| 20:13 | Create | Warrior Priest |
| 20:13 | Create | Warrior Priest |
| 20:19 | Create | Monk |
| 20:29 | Build | Farm |
| 20:32 | Create | Warrior Priest |
| 20:36 | Research | Sanctity |
| 20:36 | Research | Sanctity |
| 20:36 | Create | Monk |
| 20:49 | Build | Farm |
| 20:52 | Create | Villager (Male) |
| 20:58 | Create | Warrior Priest |
| 20:58 | Create | Warrior Priest ×2 |
| 21:09 | Create | Villager (Male) |
| 21:27 | Create | Villager (Male) |
| 21:41 | Create | Villager (Male) |
| 21:49 | Build | Farm |
| 21:57 | Create | Villager (Male) |
| 22:08 | Create | Warrior Priest |
| 22:09 | Create | Warrior Priest |
| 22:16 | Create | Monk |
| 22:23 | Research | Fervor |
| 22:25 | Create | Villager (Male) |
| 22:32 | Create | Warrior Priest |
| 22:33 | Create | Villager (Male) |
| 22:36 | Create | Villager (Male) |
| 22:44 | Create | Villager (Male) |
| 22:54 | Create | Villager (Male) |
| 22:59 | Build | House |
| 23:01 | Create | Villager (Male) |
| 23:25 | Build | Siege Workshop |
| 23:44 | Build | House |
| 23:51 | Create | Warrior Priest |
| 23:52 | Create | Warrior Priest |
| 23:55 | Create | Scorpion |
| 24:01 | Create | Villager (Male) |
| 24:19 | Build | Mule Cart |
| 24:28 | Create | Villager (Male) |
| 24:44 | Create | Warrior Priest |
| 25:17 | Create | Villager (Male) |
| 25:24 | Research | Chain Mail Armor |
| 25:29 | Create | Villager (Male) |
Match timeline
| 2:38 | Fs.Jubileu · first_building Barracks |
| 5:12 | L · wall_segment Palisade Wall x5 |
| 5:17 | L · wall_segment Palisade Wall x4 |
| 6:00 | L · wall_segment Palisade Wall x4 |
| 6:05 | L · wall_segment Palisade Wall x1 |
| 6:06 | L · wall_segment Palisade Wall x1 |
| 6:35 | L · wall_segment Palisade Wall x10 |
| 6:46 | L · wall_segment Palisade Wall x4 |
| 6:48 | L · wall_segment Palisade Wall x5 |
| 8:38 | L · wall_segment Palisade Wall x1 |
| 8:40 | L · wall_segment Palisade Wall x1 |
| 11:08 | Fs.Jubileu · age_up feudal |
| 11:25 | L · age_up feudal |
| 11:26 | Fs.Jubileu · first_building Archery Range |
| 12:14 | Fs.Jubileu · wall_segment Palisade Wall x1 |
| 12:14 | Fs.Jubileu · wall_segment Palisade Wall x1 |
| 12:15 | Fs.Jubileu · wall_segment Palisade Wall x1 |
| 12:58 | Fs.Jubileu · wall_segment Palisade Wall x1 |
| 13:11 | L · first_market_sell 100 stone |
| 13:14 | L · first_market_buy 100 food |
| 15:29 | L · wall_segment Palisade Wall x1 |
| 15:30 | L · wall_segment Palisade Wall x1 |
| 15:41 | L · wall_segment Palisade Wall x1 |
| 15:42 | L · wall_segment Palisade Wall x1 |
| 16:17 | L · age_up castle |
| 16:31 | L · first_building Monastery |
| 18:42 | L · wall_segment Palisade Wall x7 |
| 20:43 | Fs.Jubileu · wall_segment Stone Wall x1 |
| 20:44 | Fs.Jubileu · wall_segment Stone Wall x1 |
| 21:46 | Fs.Jubileu · wall_segment Stone Wall x1 |
| 21:49 | Fs.Jubileu · wall_segment Stone Wall x1 |
| 21:49 | Fs.Jubileu · age_up castle |
| 21:50 | Fs.Jubileu · wall_segment Stone Wall x1 |
| 23:16 | Fs.Jubileu · first_building Siege Workshop |
| 23:25 | L · first_building Siege Workshop |
| 25:40 | L · resign |
[ AI ANALYSIS · 1 CREDIT ]
What really happened in this match?
Wolo.gg analyzes every decision: build order, eco, micro, common mistakes by bracket. Personalized analysis on WhatsApp or Discord in 30 seconds.
Civ guide
Celts
Perfil
Jugador #1175237